 Dungeon Crawl Stone Soup version 0.31-a0-1074-g0b22e4e0f1 (webtiles) character file.

Game seed: 11430752461743852971

65 IdlyInterested the Changeling (level 3, -4/27 HPs)
             Began as a Demonspawn Shapeshifter on Nov 29, 2023.
             Splashed by a jelly's acid (12 damage)
             ... on level 2 of the Dungeon.
             The game lasted 00:03:40 (1008 turns).

IdlyInterested the Changeling (DsSh)                Turns: 1008, Time: 00:03:40

Health: -4/27      AC: -1    Str: 14    XL:     3   Next: 92%
Magic:  3/3        EV: 12    Int: 11    God:
Gold:   18         SH:  5    Dex: 14    Spells: 2/2 levels left

rFire   . .          .
                       - Unarmed
rCold   . . .        (no shield)
rNeg    . . .        f - +0 leather armour
rPois   .            (helmet currently unavailable)
rElec   .            (cloak currently unavailable)
rCorr   .            (gloves currently unavailable)
SInv    .            (boots currently unavailable)
Will    .....        n - amulet of reflection
Stlth   +            (no ring)
HPRegen 0.24/turn    (no ring)
MPRegen 0.08/turn

%: reflection
@: beast-form, corroded
A: beast (slay +2), antennae 1
a: Begin Untransformation


You were on level 2 of the Dungeon.
You were a hulking beast.
You visited 1 branch of the dungeon, and saw 2 of its levels.

You collected 18 gold pieces.

Inventory:

Hand Weapons
 b - a +0 dagger of flaming
 e - a +0 dagger
 j - a +0 short sword
 m - a +0 flail
Missiles
 h - 6 stones (quivered)
Armour
 a - a +0 animal skin
 f - a +0 leather armour (worn)
Jewellery
 n - an amulet of reflection (around neck)
Talismans
 c - a beast talisman
 d - a flux talisman
Scrolls
 i - a scroll of teleportation {unknown}
 k - a scroll of summoning {unknown}
Potions
 g - a potion of enlightenment {unknown}
 l - a potion of mutation {unknown}


   Skills:
 + Level 1.9 Fighting
 - Level 2.0 Dodging
 - Level 3.0 Unarmed Combat
 * Level 3.6 Shapeshifting


You had 2 spell levels left.
You didn't know any spells.
Your spell library contained the following spells:

 Spells                   Type           Power      Damage    Failure   Level
 Slow                     Hex            0%         N/A       41%         1
 Confusing Touch          Hex            0%         N/A       80%         3
 Sigil of Binding         Hex            0%         N/A       80%         3
 Vampiric Draining        Necr           0%         2d6       80%         3


Dungeon Overview and Level Annotations

Branches:
Dungeon (2/15)

Altars:


Innate Abilities, Weirdness & Mutations

You are a hulking beast.
Your limbs bulge with bestial killing power. (Slay +2)
You have a pair of small antennae on your head.


Message History

You start resting.
HP restored.
Items here: )))) [[ †.
m - a +0 flail
Things that are here:
a +0 club; an orc corpse You now have 18 gold pieces (gained 13).
A frilled lizard comes into view.
The frilled lizard hisses angrily.
The frilled lizard bites you.
You closely miss the frilled lizard. The frilled lizard closely misses you.
You closely miss the frilled lizard. The frilled lizard closely misses you.
You barely miss the frilled lizard.
The frilled lizard bites you but does no damage.
You closely miss the frilled lizard. The frilled lizard closely misses you.
You barely miss the frilled lizard. The frilled lizard misses you.
You hit the frilled lizard.
You kill the frilled lizard!
You see here a frilled lizard corpse.
n - an amulet of reflection You start putting on your amulet.
You continue putting on your amulet of reflection. x5
You finish putting on your amulet of reflection.
You feel a shielding aura gather around you.
n - an amulet of reflection (around neck)
A jelly comes into view.
An endoplasm comes into view.
You hit the jelly.
Your hands burn!
The jelly is moderately wounded.
The endoplasm quivers.
The jelly hits you but does no damage.
You hit the jelly.
Your hands burn!
The jelly is heavily wounded.
The jelly hits you. The acid corrodes you!
You are splashed with acid.
You hit the jelly. The acid corrodes you!
Your hands burn!
The jelly is severely wounded.
The jelly hits you.
* * * LOW HITPOINT WARNING * * *
You are splashed with acid!
You die...

#..# #..# #..#
#..# ###..# ....#
#JJ# ######.h# ##
........# ≈≈
#######.# ≈ #.#
#.# ## ###.#
.####### ..#.#
..##...# ## #.#.#
.......#.##.##.#.#


You could see a jelly and an endoplasm.

Vanquished Creatures
  Robin (D:2)
  An adder (D:2)
  5 orcs (D:2)
  3 endoplasms (D:1)
  3 hobgoblins
  5 kobolds (D:1)
  4 ball pythons
  A bat (D:1)
  2 frilled lizards
  13 goblins
  2 rats (D:1)
40 creatures vanquished.

Notes
Turn   | Place    | Note
-------+----------+-------------------------------------------
     0 | D:1      | IdlyInterested the Demonspawn Shapeshifter began the quest
                  | for the Orb.
     0 | D:1      | Reached XP level 1. HP: 15/15 MP: 1/1
   232 | D:1      | Gained mutation: You have a pair of small antennae on your
                  | head. [demonic ancestry]
   232 | D:1      | Reached XP level 2. HP: 21/21 MP: 2/2
   301 | D:1      | Found a faded altar of an unknown god.
   721 | D:2      | Noticed Robin
   737 | D:2      | Reached XP level 3. HP: 26/26 MP: 3/3
   746 | D:2      | Killed Robin
  1008 | D:2      | Splashed by a jelly's acid

Illustrated notes

Levels and vault maps discovered:
D:1:      dpeg_arrival_boxes_within_box, layout_basic,
          ebering_ecumenical_altar_sacrificial
D:2:      cheibrodos_helix_gallery, layout_basic, chequers_big_river, uniq_robin

Skill      XL: |  1  2 |
---------------+-------+-----
Dodging        | 2 |  2.0
Shapeshifting  | 3 |  3.6
Unarmed Combat | 3 |  3.0
Fighting       | |  1.9

Action                     || total
---------------------------++-------
  Melee: Unarmed           ||   112
         Punch             ||     1
    Use: Potion            ||     1
 Armour: Leather armour    ||    35
         Animal skin       ||     2
         Skin              ||    78
  Dodge: Dodged            ||    47

Table legend: (Time is in decaauts)
 A = Elapsed time spent in this place.
 B = Non-inter-level travel time spent in this place.
 C = Inter-level travel time spent in this place.
 D = Time resting spent in this place.
 E = Time spent auto-exploring this place.
 F = Levels seen in this place.
 G = Mean time per level.
                   A        B        C        D        E       F      G
               +--------+--------+--------+--------+--------+-----+--------+
         Total |   1001 |    969 |     32 |    178 |    510 |   2 |  500.5 |
       Dungeon |   1001 |    969 |     32 |    178 |    510 |   2 |  500.5 |
               +--------+--------+--------+--------+--------+-----+--------+

Top non-repeatable levels by time:
     D:1: 718 daAuts
     D:2: 283 daAuts
